 Dungeon Crawl Stone Soup version 0.21.0 (webtiles) character file.

5066 Yaldabaoth the Covert (level 10, -1/44 HPs)
             Began as a Spriggan Enchanter on Jan 13, 2018.
             Was a Priest of Dithmenos.
             Slain by a two-headed ogre
             ... wielding a +0 giant club
              (18 damage)
             ... on level 10 of the Dungeon.
             The game lasted 00:32:26 (10060 turns).

Yaldabaoth the Covert (Spriggan Enchanter)         Turns: 10060, Time: 00:32:27

Health: -1/44      AC:  6    Str:  7    XL:     10   Next: 31%
Magic:  4/22       EV: 26    Int: 19    God:    Dithmenos [***...]
Gold:   484        SH:  0    Dex: 18    Spells: 10/24 levels left

rFire    + . .     SeeInvis +   a - +3 dagger
rCold    . . .     Gourm    .   (shield restricted)
rNeg     . . .     Faith    +   D - +1 robe of Insurance {Stlth+}
rPois    +         Spirit   .   (helmet restricted)
rElec    .         Reflect  .   p - +2 cloak {rPois}
rCorr    .         Harm     .   (gloves unavailable)
MR       +....                  (boots unavailable)
Stlth    +++++++++.             s - amulet of faith
HPRegen  0.14/turn              g - +3 ring of strength
MPRegen  0.18/turn              n - ring of protection from fire

@: wreathed by umbra, very quick
A: very small, unfitting armour, see invisible, herbivore, speed 3, slow
metabolism 2
a: Shadow Step, Renounce Religion


You were on level 10 of the Dungeon.
You worshipped Dithmenos.
Dithmenos was most pleased with you.
You were not hungry.

You visited 2 branches of the dungeon, and saw 11 of its levels.
You also visited: Ossuary.

You collected 484 gold pieces.

Inventory:

Hand Weapons
 a - a +3 dagger (weapon)
Armour
 b - a +0 robe
 p - a +2 cloak of poison resistance (worn)
 D - the +1 robe of Insurance (worn) {Stlth+}
   (You found it on level 6 of the Dungeon)

   It makes you more stealthy.
 F - a +2 cloak
 J - a +1 cloak
Jewellery
 g - a +3 ring of strength (left hand)
 m - a +2 ring of strength
 n - a ring of protection from fire (right hand)
 q - an uncursed amulet of regeneration
 s - an amulet of faith (around neck)
 C - an uncursed ring of flight
 H - a cursed ring of loudness {unknown}
Wands
 I - a wand of paralysis (16)
Scrolls
 e - 10 scrolls of remove curse
 h - a scroll of magic mapping
 j - 6 scrolls of immolation
 l - a scroll of fear
 t - 2 scrolls of fog
 v - a scroll of random uselessness
 x - a scroll of blinking
 y - a scroll of teleportation {unknown}
 E - a scroll of enchant weapon
 G - a scroll of holy word {unknown}
 K - a scroll of amnesia
 L - a scroll of identify
Potions
 f - 10 potions of curing
 i - 8 potions of degeneration
 k - 4 potions of flight
 o - 2 potions of might
 u - 2 potions of mutation {unknown}
 w - a potion of cancellation {unknown}
 z - a potion of lignification {unknown}
 B - 2 potions of berserk rage {unknown}
Books
 c - a book of Maledictions

   Spells                             Type                      Level
   a - Corona                         Hexes                        1
   b - Ensorcelled Hibernation        Hexes/Ice                    2
   c - Confuse                        Hexes                        3
   d - Tukima's Dance                 Hexes                        3
   e - Dazzling Spray                 Conjuration/Hexes            3
 r - a book of Conjurations

   Spells                             Type                      Level
   a - Magic Dart                     Conjuration                  1
   b - Searing Ray                    Conjuration                  2
   c - Dazzling Spray                 Conjuration/Hexes            3
   d - Fulminant Prism                Conjuration/Hexes            4
   e - Force Lance                    Conjuration/Translocation    4
   f - Iskenderun's Mystic Blast      Conjuration                  4
 A - a book of Misfortune

   Spells                             Type                      Level
   a - Confusing Touch                Hexes                        1
   b - Confuse                        Hexes                        3
   c - Gell's Gravitas                Translocation                3
   d - Petrify                        Transmutation/Earth          4
   e - Metabolic Englaciation         Hexes/Ice                    5
   f - Yara's Violent Unravelling     Hexes/Transmutation          5
Comestibles
 d - 21 rations


   Skills:
 - Level 1.1 Short Blades
 + Level 10.2 Dodging
 + Level 12.5 Stealth
 + Level 7.6 Spellcasting
 + Level 3.8 Conjurations
 + Level 10.0 Hexes


You had 10 spell levels left.
You knew the following spells:

 Your Spells              Type           Power        Failure   Level  Hunger
a - Corona                Hex            #####..      1%          1    None
b - Ensorcelled Hibernat  Hex/Ice        ####..       1%          2    None
c - Confuse               Hex            #####...     1%          3    #......
d - Confusing Touch       Hex            #####.       1%          1    None
e - Fulminant Prism       Conj/Hex       ####......   5%          4    ###....
f - Dazzling Spray        Conj/Hex       ####..       1%          3    #......


Dungeon Overview and Level Annotations

Branches:
Dungeon (10/15)            Temple (1/1) D:5
   Lair: D:8-11         Orc: D:9-12

Altars:
Ashenzari
Cheibriados
Dithmenos
Elyvilon
Fedhas
Gozag
Hepliaklqana
Kikubaaqudgha
Makhleb
Nemelex Xobeh
Okawaru
Qazlal
Ru
Sif Muna
Trog
Uskayaw
Vehumet
Wu Jian
Xom
Yredelemnul
Zin
The Shining One


Innate Abilities, Weirdness & Mutations

You are very small and have problems with some larger weapons.
You are too small for most types of armour.
You have supernaturally acute eyesight. (SInv)
You are a herbivore.
You cover ground extremely quickly.
You need consume almost no food.


Message History

The two-headed ogre is severely wounded.
The two-headed ogre seems less confused.
You hit the two-headed ogre but do no damage.
The two-headed ogre is severely wounded.
The two-headed ogre misses you.
The two-headed ogre hits you with a giant spiked club!!
Ouch! That really hurt!
You emit a cloud of dark smoke.
You hit the two-headed ogre but do no damage.
The two-headed ogre is severely wounded.
The two-headed ogre misses you. x2
You hit the two-headed ogre.
The two-headed ogre is severely wounded.
You hit the two-headed ogre.
The two-headed ogre is severely wounded.
The two-headed ogre completely misses you. x2
You hit the two-headed ogre.
The two-headed ogre is severely wounded.
The two-headed ogre hits you with a giant club!!
You die...

#.%. #........##.# #...
#........##.# ####...##
#........'..#
........####........####
#.............#
#..############ #..#
#O§# #@§# #§§# #.§# #..#
#..# #..# ...# ....#
#####


You could see a two-headed ogre.

Vanquished Creatures
  An unseen horror (D:7)
  Pikel (D:7)
  6 yaks (D:9)
  3 water moccasins
  An ice beast (D:8)
  2 sky beasts
  A slave (D:7)
  2 phantoms
  An ogre (D:9)
  2 centaurs
  3 bullfrogs
  A scorpion (D:5)
  6 killer bees
  4 howler monkeys
  7 crimson imps
  A quasit (D:7)
  2 centaur zombies
  A centaur skeleton (D:10)
  3 human zombies (Ossuary)
  2 jellies
  6 hounds
  4 orc wizards
  Crazy Yiuf (D:3)
  4 orc priests
  A bullfrog skeleton (D:4)
  Natasha (thrice) (D:3)
  3 worker ants
  A killer bee zombie (D:5)
  A hound zombie (D:7)
  5 mummies
  A worker ant zombie (D:8)
  4 gnolls (D:7)
  15 adders
  3 shadow imps
  2 oozes (D:1)
  2 adder skeletons
  4 worms
  4 dart slugs (D:1)
  4 leopard geckos
  25 orcs
  7 bats
  5 giant cockroaches
  2 gnoll zombies (D:9)
  11 goblins
  9 hobgoblins
  8 jackals
  6 kobolds
  2 quokkas
  5 ball pythons
  7 frilled lizards
  2 goblin zombies (Ossuary)
  A hobgoblin zombie (Ossuary)
  A jackal skeleton (D:7)
  A leopard gecko skeleton (D:7)
  A leopard gecko zombie (D:6)
  An orc zombie (Ossuary)
  A quokka skeleton (D:4)
  A quokka zombie (D:5)
  4 rats
218 creatures vanquished.

Vanquished Creatures (others)
  A worker ant (D:7)
  A fulminant prism (D:8)
2 creatures vanquished.

Grand Total: 220 creatures vanquished

Notes
Turn   | Place    | Note
-------+----------+-------------------------------------------
     0 | D:1      | Yaldabaoth the Spriggan Enchanter began the quest for the Orb.
     0 | D:1      | Reached XP level 1. HP: 9/9 MP: 5/5
   399 | D:1      | Reached XP level 2. HP: 13/13 MP: 6/6
   404 | D:1      | Learned a level 2 spell: Ensorcelled Hibernation
   441 | D:1      | Reached skill level 5 in Stealth
   899 | D:1      | Reached XP level 3. HP: 16/16 MP: 2/8
   911 | D:1      | Learned a level 3 spell: Confuse
  1557 | D:2      | Reached XP level 4. HP: 21/21 MP: 4/9
  1679 | D:2      | Reached skill level 6 in Stealth
  1831 | D:2      | Reached skill level 5 in Hexes
  2275 | D:3      | Found a runed door.
  2279 | D:3      | Noticed Crazy Yiuf
  2283 | D:3      | Killed Crazy Yiuf
  2283 | D:3      | Reached XP level 5. HP: 24/24 MP: 10/10
  2405 | D:3      | Reached skill level 7 in Stealth
  2435 | D:3      | Noticed Natasha
  2449 | D:3      | Killed Natasha
  2511 | D:3      | Noticed Natasha
  2638 | D:3      | Killed Natasha
  2638 | D:3      | Reached XP level 6. HP: 23/28 MP: 4/11
  3018 | D:3      | Noticed Natasha
  3028 | D:3      | Killed Natasha
  3028 | D:3      | Reached skill level 5 in Dodging
  3273 | D:4      | Reached skill level 8 in Stealth
  3282 | D:4      | Found a sand-covered staircase.
  3289 | Ossuary  | Entered an ossuary
  3593 | Ossuary  | Reached XP level 7. HP: 23/32 MP: 5/12
  3905 | D:4      | Reached skill level 9 in Stealth
  4779 | D:5      | Entered Level 5 of the Dungeon
  5149 | D:5      | Reached XP level 8. HP: 36/36 MP: 5/14
  5645 | D:5      | Learned a level 1 spell: Confusing Touch
  5648 | D:5      | Learned a level 2 spell: Searing Ray
  5744 | D:5      | Reached skill level 10 in Stealth
  5752 | D:5      | Found a staircase to the Ecumenical Temple.
  5901 | Temple   | Entered the Ecumenical Temple
  6046 | Temple   | Became a worshipper of Dithmenos the Shadowed
  6113 | D:6      | Got a shimmering robe
  6114 | D:6      | Identified the +1 robe of Insurance {Stlth+} (You found it on level 6 of the Dungeon)
  7013 | D:6      | Found a shimmering altar of Xom.
  7209 | D:7      | Reached skill level 1 in Conjurations
  7223 | D:7      | Learned a level 3 spell: Dazzling Spray
  7257 | D:7      | Found a white marble altar of Elyvilon.
  7267 | D:7      | Reached * piety under Dithmenos
  7445 | D:7      | Reached skill level 5 in Spellcasting
  7449 | D:7      | Noticed Pikel
  7456 | D:7      | Killed Pikel
  7456 | D:7      | Reached XP level 9. HP: 24/39 MP: 14/18
  7604 | D:7      | Reached skill level 11 in Stealth
  7892 | D:7      | Noticed an unseen horror
  7908 | D:7      | Killed an unseen horror
  8254 | D:8      | Learned a level 4 spell: Fulminant Prism
  8289 | D:8      | Reached ** piety under Dithmenos
  8618 | D:8      | Found a hide-covered altar of Uskayaw.
  8635 | D:8      | Reached skill level 12 in Stealth
  9027 | D:9      | Reached XP level 10. HP: 44/44 MP: 21/21
  9034 | D:9      | Reached skill level 10 in Dodging
  9082 | D:9      | Found a basalt altar of Yredelemnul.
  9298 | D:9      | Reached skill level 10 in Hexes
  9457 | D:9      | Found a glowing silver altar of Zin.
  9979 | D:10     | Entered Level 10 of the Dungeon
 10018 | D:10     | Noticed a two-headed ogre
 10021 | D:10     | Reached *** piety under Dithmenos
 10060 | D:10     | Slain by a two-headed ogre

Skill      XL: |  1  2  3  4  5  6  7  8  9 10 |
---------------+-------------------------------+-----
Hexes          | 4 5 6 7 8 9 10 | 10.0
Stealth        | 5 6 7 8 9 10 12 | 12.5
Dodging        | 4 5 6 8 9 10 | 10.2
Spellcasting   | 3 5 7 |  7.6
Conjurations   | 1 3 |  3.8
Short Blades   | |  1.1

Action                   |  1- 3 |  4- 6 |  7- 9 | 10-12 || total
-------------------------+-------+-------+-------+-------++-------
Melee: Dagger            |   106 |   158 |   445 |    42 ||   751
 Cast: Corona            |     3 |       |       |       ||     3
       Ensorcelled Hiber |    23 |    38 |   117 |    26 ||   204
       Confuse           |       |    10 |    25 |     2 ||    37
       Searing Ray       |       |       |     2 |       ||     2
       Confusing Touch   |       |       |     1 |       ||     1
       Fulminant Prism   |       |       |     1 |       ||     1
  Use: Scroll            |       |     4 |    14 |       ||    18
       Potion            |       |     5 |       |       ||     5
 Stab: Sleeping          |    23 |    34 |    75 |    17 ||   149
       Confused          |       |     5 |    11 |     2 ||    18
       Distracted        |       |     1 |       |       ||     1
  Eat: Ration            |       |     2 |     6 |     1 ||     9
Armor: Robe              |    14 |     9 |    39 |    10 ||    72
Dodge: Dodged            |    67 |    94 |   455 |   110 ||   726
